3AAA
GRYFINDOR BRAVES @ WILMINGTON BAY HAWKS
05/27/2022
 
TOP OF THE 1ST
Gryfindor Braves batting - Pitching for Wilmington Bay Hawks : RHP Claudio Díaz
Pitching: RHP Claudio Díaz
Batting: LHB Nathan Tanner 0-0: Foul Ball, location: 2F
0-1: Foul Ball, location: 2F
0-2: SINGLE (Groundball, 4S)
Batting: RHB Jay Parker 0-0: Fly out, F3 (Popup, 3SF)
Batting: RHB Rafael Arredondo 0-0: Called Strike
Throwing error on steal attempt, E2
Nathan Tanner to third
0-1: Ground out 2-3 (Groundball, 2R)
Batting: RHB António Martínez 0-0: Called Strike
0-1: Swinging Strike
0-2: Ball
1-2: Strikes out swinging
Top of the 1st over - 0 run(s), 1 hit(s), 1 error(s), 1 left on base; Gryfindor 0 - Wilmington 0
BOTTOM OF THE 1ST
Wilmington Bay Hawks batting - Pitching for Gryfindor Braves : RHP Bartolo Ramírez
Pitching: RHP Bartolo Ramírez
Batting: LHB Steve Grimes 0-0: Ground out 6-3 (Groundball, 6)
Batting: SHB José Martínez 0-0: Ball
1-0: Foul Ball, location: 2F
1-1: Ball
2-1: Ground out 4-3 (Groundball, 4)
Batting: RHB Randolph Davis 0-0: Ball
1-0: Ball
2-0: Called Strike
2-1: Foul Ball, location: 2F
2-2: Foul Ball, location: 2F
2-2: Ground out 6-3 (Groundball, 6M)
Bottom of the 1st over - 0 run(s), 0 hit(s), 0 error(s), 0 left on base; Gryfindor 0 - Wilmington 0
TOP OF THE 2ND
Gryfindor Braves batting - Pitching for Wilmington Bay Hawks : RHP Claudio Díaz
Batting: LHB Júlio Valentín 0-0: DOUBLE (Line Drive, 8RXD) - OUT at third base trying to stretch hit.
Batting: LHB Kyung-chor Pang 0-0: Ball
1-0: Bunted foul
1-1: Ball
2-1: Ground out 4-3 (Groundball, 4)
Batting: RHB Matt Nelson 0-0: Ball
1-0: Swinging Strike
1-1: Foul Ball, location: 2F
1-2: Ground out 6-3 (Groundball, 6)
Top of the 2nd over - 0 run(s), 1 hit(s), 0 error(s), 0 left on base; Gryfindor 0 - Wilmington 0
BOTTOM OF THE 2ND
Wilmington Bay Hawks batting - Pitching for Gryfindor Braves : RHP Bartolo Ramírez
Batting: LHB Phil Parkinson 0-0: Ball
1-0: Ball
2-0: Called Strike
2-1: SINGLE (Groundball, 4M)
Batting: RHB Phil Terry 0-0: Called Strike
0-1: Ball
1-1: Foul Ball, location: 2F
1-2: Ball
2-2: Strikes out swinging
Batting: RHB Jim Unknown 0-0: Ball
1-0: Ball
2-0: Foul Ball, location: 2F
2-1: Ball
3-1: Called Strike
3-2: Grounds into double play, 6-4-3 (Groundball, 6)
Bottom of the 2nd over - 0 run(s), 1 hit(s), 0 error(s), 0 left on base; Gryfindor 0 - Wilmington 0
TOP OF THE 3RD
Gryfindor Braves batting - Pitching for Wilmington Bay Hawks : RHP Claudio Díaz
Batting: SHB Alonso Márquez 0-0: Foul Ball, location: 2F
0-1: Bunt missed!
0-2: SINGLE (Line Drive, 56)
Batting: SHB Jim Unknown 0-0: Ball
1-0: Swinging Strike
1-1: SINGLE (Groundball, 5D)
Alonso Márquez to second
Batting: LHB Nathan Tanner 0-0: Foul Ball, location: 2F
0-1: Foul Ball, location: 2F
0-2: Ball
1-2: Ball
2-2: Ground out 5-3 (Groundball, 56S)
Alonso Márquez to third
Jim Unknown to second
Batting: RHB Jay Parker 0-0: Ball
1-0: SINGLE (Groundball, 56D)
Alonso Márquez scores
Jim Unknown to third
Batting: RHB Rafael Arredondo 0-0: TRIPLE (Line Drive, 3L)
Jim Unknown scores
Jay Parker scores
Batting: RHB António Martínez 0-0: Called Strike
0-1: Ball
1-1: Ball
2-1: Ball
3-1: SINGLE (Groundball, 56D) (infield hit)
Rafael Arredondo scores
Batting: LHB Júlio Valentín 0-0: Called Strike
António Martínez steals 2nd base
0-1: Ball
1-1: Ball
2-1: Ball
3-1: Ground out 4-3 (Groundball, 4)
António Martínez to third
Batting: LHB Kyung-chor Pang 0-0: Foul Ball, location: 2F
0-1: SINGLE (Line Drive, 8RS)
António Martínez scores
Batting: RHB Matt Nelson 0-0: Ball
1-0: Ground out 6-3 (Groundball, 6)
Top of the 3rd over - 5 run(s), 6 hit(s), 0 error(s), 1 left on base; Gryfindor 5 - Wilmington 0
BOTTOM OF THE 3RD
Wilmington Bay Hawks batting - Pitching for Gryfindor Braves : RHP Bartolo Ramírez
Batting: RHB Jim Unknown 0-0: Ball
1-0: Ball
2-0: Ball
3-0: Called Strike
3-1: Ground out 1-3 (Groundball, 15)
Batting: LHB Jim Unknown 0-0: Called Strike
0-1: Foul Ball, location: 2F
0-2: Strikes out swinging
Batting: RHB Jim Unknown 0-0: Called Strike
0-1: Foul Ball, location: 2F
0-2: Ground out U3 (Groundball, 3)
Bottom of the 3rd over - 0 run(s), 0 hit(s), 0 error(s), 0 left on base; Gryfindor 5 - Wilmington 0
TOP OF THE 4TH
Gryfindor Braves batting - Pitching for Wilmington Bay Hawks : RHP Claudio Díaz
Batting: SHB Alonso Márquez 0-0: Foul Ball, location: 2F
0-1: SINGLE (Groundball, 4MD)
Batting: SHB Jim Unknown 0-0: Called Strike
0-1: Ball
1-1: Grounds into double play, U4-3 (Groundball, 4)
Batting: LHB Nathan Tanner 0-0: Ball
1-0: Swinging Strike
1-1: Ball
2-1: Ball
3-1: Swinging Strike
3-2: Foul Ball, location: 2F
3-2: SINGLE (Groundball, 34D)
Batting: RHB Jay Parker 0-0: Called Strike
0-1: Foul Ball, location: 2F
0-2: Strikes out swinging
Top of the 4th over - 0 run(s), 2 hit(s), 0 error(s), 1 left on base; Gryfindor 5 - Wilmington 0
BOTTOM OF THE 4TH
Wilmington Bay Hawks batting - Pitching for Gryfindor Braves : RHP Bartolo Ramírez
Batting: LHB Steve Grimes 0-0: Foul Ball, location: 2F
0-1: Ball
1-1: Ball
2-1: Fly out, F7 (Flyball, 78D)
Batting: SHB José Martínez 0-0: Ball
1-0: Swinging Strike
1-1: Swinging Strike
1-2: Ball
2-2: Foul Ball, location: 2F
2-2: Ball
3-2: Foul Ball, location: 2F
3-2: Base on Balls
Batting: RHB Randolph Davis 0-0: Ball
1-0: Fielders Choice at 2nd, 1-6 (Groundball, 25)
Batting: LHB Phil Parkinson 0-0: Ground out 4-3 (Groundball, 34)
Bottom of the 4th over - 0 run(s), 0 hit(s), 0 error(s), 1 left on base; Gryfindor 5 - Wilmington 0
TOP OF THE 5TH
Gryfindor Braves batting - Pitching for Wilmington Bay Hawks : RHP Claudio Díaz
Batting: RHB Rafael Arredondo 0-0: Ball
1-0: Ball
2-0: Foul Ball, location: 2F
2-1: Fly out, F7 (Flyball, 78M)
Batting: RHB António Martínez 0-0: Called Strike
0-1: SINGLE (Line Drive, 7LM)
Batting: LHB Júlio Valentín 0-0: SINGLE (Flyball, 89S)
António Martínez to second
Runner from 2nd tries for 3rd, SAFE, no throw or cutoff
Batting: LHB Kyung-chor Pang 0-0: Grounds out, U3 (Groundball, 3L)
António Martínez scores
Batting: RHB Matt Nelson 0-0: Ball
1-0: Called Strike
1-1: Foul Ball, location: 2F
1-2: Foul Ball, location: 2F
1-2: Strikes out swinging
Top of the 5th over - 1 run(s), 2 hit(s), 0 error(s), 1 left on base; Gryfindor 6 - Wilmington 0
BOTTOM OF THE 5TH
Wilmington Bay Hawks batting - Pitching for Gryfindor Braves : RHP Bartolo Ramírez
Batting: RHB Phil Terry 0-0: Ball
1-0: Swinging Strike
1-1: Swinging Strike
1-2: Strikes out looking
Batting: RHB Jim Unknown 0-0: Called Strike
0-1: Foul Ball, location: 2F
0-2: Foul Ball, location: 2F
0-2: Fly out, F6 (Popup, 6MD)
Batting: RHB Jim Unknown 0-0: Fly out, F9 (Flyball, 89M)
Bottom of the 5th over - 0 run(s), 0 hit(s), 0 error(s), 0 left on base; Gryfindor 6 - Wilmington 0
TOP OF THE 6TH
Gryfindor Braves batting - Pitching for Wilmington Bay Hawks : RHP Claudio Díaz
Pitching: RHP Jim Unknown
Batting: SHB Alonso Márquez 0-0: Foul Ball, location: 2F
0-1: Ball
1-1: Ball
2-1: Ball
3-1: Ground out 4-3 (Groundball, 13)
Batting: SHB Jim Unknown 0-0: Ball
1-0: Fly out, F5 (Popup, 5F)
Batting: LHB Nathan Tanner 0-0: Foul Ball, location: 2F
0-1: Ball
1-1: Called Strike
1-2: SINGLE (Groundball, 56D)
Batting: RHB Jay Parker 0-0: Ball
1-0: Ball
2-0: Called Strike
2-1: Foul Ball, location: 2F
2-2: Reached on error, E5 (Groundball, 56)
Nathan Tanner to second
Batting: RHB Rafael Arredondo 0-0: Ball
1-0: Swinging Strike
1-1: Ball
2-1: Ground out 5-3 (Groundball, 5)
Top of the 6th over - 0 run(s), 1 hit(s), 1 error(s), 2 left on base; Gryfindor 6 - Wilmington 0
BOTTOM OF THE 6TH
Wilmington Bay Hawks batting - Pitching for Gryfindor Braves : RHP Bartolo Ramírez
Batting: LHB Jim Unknown 0-0: Ball
1-0: Foul Ball, location: 2F
1-1: Ball
2-1: Ball
3-1: Base on Balls
Batting: RHB Jim Unknown 0-0: Ball
1-0: Swinging Strike
1-1: Foul Ball, location: 2F
1-2: Ball
2-2: Foul Ball, location: 2F
2-2: Foul Ball, location: 2F
2-2: Ground out 5-3 (Groundball, 56S)
Jim Unknown to second
Batting: LHB Steve Grimes 0-0: Called Strike
0-1: Ball
1-1: Swinging Strike
1-2: Strikes out swinging
Batting: SHB José Martínez 0-0: Called Strike
0-1: Ball
1-1: SINGLE (Groundball, 3L)
Jim Unknown to third
Runner from 3rd tries for Home, SAFE, throw made home
José Martínez to second
Batting: RHB Randolph Davis 0-0: Called Strike
0-1: Swinging Strike
0-2: Foul Ball, location: 2F
0-2: Ball
1-2: Foul Ball, location: 2F
1-2: Foul Ball, location: 2F
1-2: Ball
2-2: Strikes out looking
Bottom of the 6th over - 1 run(s), 1 hit(s), 0 error(s), 1 left on base; Gryfindor 6 - Wilmington 1
TOP OF THE 7TH
Gryfindor Braves batting - Pitching for Wilmington Bay Hawks : RHP Jim Unknown
Batting: RHB António Martínez 0-0: Ball
1-0: Foul Ball, location: 2F
1-1: Foul Ball, location: 2F
1-2: Ball
2-2: Foul Ball, location: 2F
2-2: Strikes out swinging
Batting: LHB Júlio Valentín 0-0: Called Strike
0-1: SINGLE (Line Drive, 6D)
Batting: LHB Kyung-chor Pang 0-0: Ball
1-0: Called Strike
1-1: Ball
2-1: Foul Ball, location: 2F
2-2: Ball
3-2: Base on Balls
Júlio Valentín to second
Batting: RHB Matt Nelson 0-0: Ball
1-0: Ball
2-0: Foul Ball, location: 2F
2-1: Foul Ball, location: 2F
2-2: Foul Ball, location: 2F
2-2: SINGLE (Line Drive, 34)
Júlio Valentín to third
Kyung-chor Pang to second
Batting: SHB Alonso Márquez 0-0: Called Strike
0-1: Ball
1-1: Ball
2-1: Ball
3-1: Base on Balls
Júlio Valentín scores
Kyung-chor Pang to third
Matt Nelson to second
Batting: SHB Jim Unknown 0-0: Ball
1-0: Fly out, F8 (Flyball, 89XD)
Runner from 3rd tags up, SCORES, no throw
Batting: LHB Nathan Tanner 0-0: Called Strike
0-1: DOUBLE (Flyball, 89D)
Matt Nelson scores
Alonso Márquez to third
Runner from 3rd tries for Home, SAFE, no throw or cutoff
Pitching: LHP Jim Unknown
Batting: RHB Jay Parker 0-0: Swinging Strike
0-1: Called Strike
0-2: Strikes out swinging
Top of the 7th over - 4 run(s), 3 hit(s), 0 error(s), 1 left on base; Gryfindor 10 - Wilmington 1
BOTTOM OF THE 7TH
Wilmington Bay Hawks batting - Pitching for Gryfindor Braves : RHP Bartolo Ramírez
Batting: LHB Phil Parkinson 0-0: Foul Ball, location: 2F
0-1: Foul Ball, location: 2F
0-2: Ground out 3-1 (Groundball, 34)
Batting: RHB Phil Terry 0-0: Called Strike
0-1: Ball
1-1: Foul Ball, location: 2F
1-2: Foul Ball, location: 2F
1-2: Strikes out swinging
Batting: RHB Jim Unknown 0-0: Ball
1-0: Ground out 5-3 (Groundball, 56S)
Bottom of the 7th over - 0 run(s), 0 hit(s), 0 error(s), 0 left on base; Gryfindor 10 - Wilmington 1
TOP OF THE 8TH
Gryfindor Braves batting - Pitching for Wilmington Bay Hawks : LHP Jim Unknown
Batting: RHB Rafael Arredondo 0-0: Ball
1-0: Called Strike
1-1: Ball
2-1: Ball
3-1: Called Strike
3-2: Foul Ball, location: 2F
3-2: Base on Balls
Batting: RHB António Martínez 0-0: Ball
1-0: Fly out, F8 (Flyball, 8RM)
Batting: LHB Júlio Valentín 0-0: Fly out, F8 (Flyball, 8RS)
Batting: LHB Kyung-chor Pang 0-0: Ball
1-0: Ball
2-0: Ball
3-0: Called Strike
3-1: Called Strike
3-2: 2-RUN HOME RUN (Flyball, 89XD), Distance : 398 ft
Batting: RHB Matt Nelson 0-0: Ball
1-0: Foul Ball, location: 2F
1-1: Ball
2-1: Ball
3-1: Fly out, F9 (Flyball, 9M)
Top of the 8th over - 2 run(s), 1 hit(s), 0 error(s), 0 left on base; Gryfindor 12 - Wilmington 1
BOTTOM OF THE 8TH
Wilmington Bay Hawks batting - Pitching for Gryfindor Braves : RHP Bartolo Ramírez
Pinch Hitting: LHB Jim Unknown 0-0: Ball
1-0: Foul Ball, location: 2F
1-1: Foul Ball, location: 2F
1-2: Ball
2-2: Fly out, F1 (Line Drive, 13)
Batting: LHB Jim Unknown 0-0: Fly out, F8 (Flyball, 8RXD)
Batting: RHB Jim Unknown 0-0: Swinging Strike
0-1: Ball
1-1: Ball
2-1: Ground out 4-3 (Groundball, 4MS)
Bottom of the 8th over - 0 run(s), 0 hit(s), 0 error(s), 0 left on base; Gryfindor 12 - Wilmington 1
TOP OF THE 9TH
Gryfindor Braves batting - Pitching for Wilmington Bay Hawks : LHP Jim Unknown
Now in RF: Jim Unknown
Batting: SHB Alonso Márquez 0-0: Ball
1-0: Foul Ball, location: 2F
1-1: Called Strike
1-2: Strikes out looking
Batting: SHB Jim Unknown 0-0: Called Strike
0-1: Fly out, F8 (Flyball, 89M)
Batting: LHB Nathan Tanner 0-0: Ball
1-0: Ball
2-0: Ball
3-0: Called Strike
3-1: Fly out, F1 (Line Drive, 13)
Top of the 9th over - 0 run(s), 0 hit(s), 0 error(s), 0 left on base; Gryfindor 12 - Wilmington 1
BOTTOM OF THE 9TH
Wilmington Bay Hawks batting - Pitching for Gryfindor Braves : RHP Bartolo Ramírez
Pitching: LHP Jim Unknown
Batting: LHB Steve Grimes 0-0: Ball
1-0: Called Strike
1-1: Foul Ball, location: 2F
1-2: Ball
2-2: Fly out, F9 (Flyball, 89M)
Batting: SHB José Martínez 0-0: Ball
1-0: Ball
2-0: Foul Ball, location: 2F
2-1: Foul Ball, location: 2F
2-2: Ground out 4-3 (Groundball, 34)
Pinch Hitting: RHB Jim Unknown 0-0: Ground out 5-3 (Groundball, 5S)
Bottom of the 9th over - 0 run(s), 0 hit(s), 0 error(s), 0 left on base; Gryfindor 12 - Wilmington 1
This league is powered by Out of the Park Baseball, the baseball management simulation game for PC, Mac and Linux
Friday, April 15th, 2016 - OOTP Baseball 16.9 Build 39